Map: Cactus Valley LE (Void)

Players

Shamanas

  • Race: Terran Terran

TheMeeferson - Winner!

  • Race: Terran Terran

VOD

Have the link to the VOD?

Description

Time

  • Played on: May 2, 2015, 2:20 a.m.
  • Length: 14:25
Show
View Real Time Build Order
Export as new Build Order

Shamanas Terran 

Build Orders: Reaper Expand, Mech, Siege Tank Drop 

Get SALT Encoding   

  12  0:02  SCV  
  13  0:14  SCV  
  14  0:18  Supply Depot  
  14  0:26  SCV  
  15  0:40  SCV  
  16  0:46  Barracks  
  16  0:47  Refinery  
  16  0:52  SCV  
  17  1:04  SCV  
  18  1:19  SCV  
  19  1:34  Orbital Command  
  19  1:35  Reaper  
  20  1:46  Command Center  
  20  1:59  Supply Depot  
  20  2:00  SCV  
  21  2:07  Barracks Reactor  
  21  2:12  SCV  
  22  2:24  SCV, Factory  
  23  2:36  SCV  
  24  2:50  SCV  
  24  2:51  Marine x2  
  24  2:56  Supply Depot  
  26  2:58  Orbital Command  
  26  3:02  SCV  
  26  3:03  Refinery  
  27  3:09  Factory Tech Lab  
  27  3:10  Marine x2  
  29  3:14  SCV  
  30  3:26  SCV  
  31  3:27  SCV  
  31  3:30  Cyclone, Marine x2  
  37  3:35  Refinery  
  37  3:36  Refinery  
  37  3:38  SCV  
  37  3:39  SCV  
  39  3:48  Marine  
  39  3:49  Marine  
  39  3:50  SCV, Starport  
  39  3:51  SCV  
  43  4:00  Missile Turret  
  43  4:02  SCV  
  44  4:03  SCV  
  44  4:05  Missile Turret  
  45  4:10  Siege Tank  
  45  4:11  Marine x2  
  45  4:14  SCV  
  45  4:15  SCV  
  45  4:16  Supply Depot  
  52  4:27  SCV x2  
  54  4:33  Supply Depot  
  54  4:38  Medivac, Marine x2  
  58  4:39  SCV x2  
  60  4:52  Supply Depot, SCV  
  61  4:53  SCV  
  61  4:54  Siege Tank  
  61  4:59  Marine x2  
  66  5:06  Factory  
  67  5:07  SCV x2  
  67  5:08  Factory, Starport Tech Lab  
  69  5:19  SCV x2  
  71  5:22  Marine x2  
  71  5:26  Supply Depot  
  73  5:29  Supply Depot  
  73  5:31  SCV x2  
  75  5:37  Command Center  
  75  5:43  SCV x2  
  77  5:55  SCV  
  78  6:01  Factory Reactor  
  78  6:02  Cloaking Field  
  78  6:03  Banshee  
  81  6:14  SCV x2  
  81  6:16  Hellion x2  
  87  6:19  Supply Depot  
  87  6:26  Siege Tank  
  87  6:28  SCV x2  
  92  6:40  Hellion, Refinery  
  92  6:41  Hellion x3  
  92  6:43  Factory, Starport  
  92  6:44  Refinery  
  92  6:45  Missile Turret  
  100  6:53  Missile Turret  
  100  6:55  Command Center  
  100  6:58  Armory, Hellion  
  102  7:01  SCV  
  102  7:02  Armory  
  102  7:04  Orbital Command  
  103  7:12  SCV  
  103  7:15  Hellion x3  
  110  7:18  Infernal Pre-Igniter  
  110  7:26  SCV x2  
  110  7:28  Factory Tech Lab, Starport Reactor  
  112  7:33  Supply Depot  
  112  7:36  Refinery  
  112  7:38  Refinery  
  112  7:39  Missile Turret  
  109  7:58  Siege Tank x2  
  103  7:59  Hellion x4  
  103  8:02  Banshee  
  110  8:08  SCV x2  
  110  8:09  SCV  
  113  8:16  Engineering Bay  
  106  8:20  Hellion  
  106  8:32  SCV  
  106  8:33  SCV x3  
  103  8:36  Siege Tank x2  
  103  8:37  Hellbat x2  
  103  8:38  Hellion  
  115  8:45  SCV  
  115  8:47  Banshee, Viking  
  115  8:48  Viking  
  117  8:59  SCV x3  
  117  9:00  Planetary Fortress  
  112  9:04  Hellion x3, Hellbat  
  120  9:14  Starport, Fusion Core  
  120  9:16  Terran Vehicle and Ship Weapons Level 1, Starport x2  
  120  9:18  Terran Vehicle And Ship Armor Level 1  
  119  9:41  Siege Tank, Missile Turret  
  119  9:42  Siege Tank  
  119  9:44  Hellbat x4  
  119  9:45  Viking x2  
  137  9:54  Supply Depot  
  137  9:56  Hellion x6  
  137  10:00  Supply Depot  
  137  10:01  Supply Depot  
  137  10:03  Missile Turret  
  137  10:06  Supply Depot  
  137  10:07  Supply Depot  
  137  10:10  Starport Tech Lab, Hellbat  
  139  10:16  Command Center  
  138  10:31  Banshee  
  138  10:32  Viking x2  
  138  10:34  Refinery  
  143  10:37  Refinery, Siege Tank x2  
  143  10:39  Hellbat x4  
  143  10:46  Starport Tech Lab  
  131  10:51  Starport Tech Lab  
  117  11:07  Hellbat x4  
  117  11:09  Siege Tank  
  118  11:20  Banshee x3  
  118  11:23  Viking x2  
  131  11:30  SCV x4  
  122  11:37  Refinery  
  120  11:43  Siege Tank x2  
  120  11:44  Hellbat x3  
  115  11:56  Viking  
  115  11:57  Viking  
  103  12:03  Banshee, Orbital Command  
  103  12:04  Starport  
  103  12:05  Starport  
  106  12:11  Starport x2  
  106  12:12  Starport  
  106  12:15  Siege Tank  
  96  12:19  Starport x2  
  90  12:23  Hellbat x2  
  90  12:24  Hellbat x2  
  93  12:41  SCV x3  
  93  12:42  Starport Tech Lab x2  
  78  12:59  Starport Tech Lab  
  78  13:00  Banshee x2, Starport Tech Lab x2  
  78  13:01  Banshee x3  
  93  13:16  Siege Tank x2  
  93  13:18  Hellbat x3  
  93  13:19  Banshee  
  108  13:20  Banshee  
  108  13:24  SCV  
  112  13:34  Banshee  
  101  13:48  Siege Tank  
  83  13:56  Hellbat x3  
Show
View Real Time Build Order
Export as new Build Order

TheMeeferson Terran - Winner!

Build Orders: Command Center First (CC), Bio Tank 

Get SALT Encoding   

  12  0:00  SCV  
  13  0:13  SCV  
  14  0:18  Supply Depot  
  14  0:25  SCV  
  15  0:39  SCV  
  16  0:52  SCV  
  17  1:03  Command Center  
  17  1:06  SCV  
  18  1:19  Barracks  
  18  1:23  SCV  
  19  1:32  Refinery  
  19  1:36  SCV  
  20  1:48  SCV  
  21  1:59  Barracks  
  21  2:00  SCV  
  22  2:12  Orbital Command  
  22  2:15  Orbital Command  
  22  2:18  Marine  
  23  2:36  Marine  
  24  2:43  SCV  
  25  2:50  SCV  
  26  2:53  Barracks Tech Lab, Factory  
  26  2:55  SCV, Barracks Tech Lab  
  27  3:03  SCV, Barracks Reactor  
  28  3:07  SCV  
  29  3:17  Refinery  
  29  3:18  SCV  
  31  3:20  SCV  
  31  3:22  Engineering Bay  
  31  3:25  Marine  
  32  3:32  SCV  
  32  3:33  SCV, Bunker  
  34  3:44  Starport  
  34  3:47  Marine  
  34  3:48  Marine  
  36  3:52  SCV x2  
  38  4:00  Supply Depot  
  38  4:04  Stimpack  
  38  4:11  Refinery  
  38  4:16  Factory Reactor  
  38  4:21  Command Center, SCV, Marine x3  
  38  4:22  SCV  
  43  4:30  Supply Depot x2  
  43  4:33  Missile Turret  
  43  4:35  SCV x2  
  43  4:37  Missile Turret  
  45  4:39  Marine  
  46  4:51  Terran Infantry Weapons Level 1, Marine x2  
  50  4:57  Marine  
  49  5:02  Factory Tech Lab  
  49  5:05  SCV x2  
  49  5:06  Barracks  
  51  5:08  Barracks  
  51  5:09  Medivac, Marine x2  
  51  5:10  Medivac  
  57  5:15  Marine  
  57  5:17  SCV x2  
  60  5:21  Supply Depot  
  60  5:25  Supply Depot  
  60  5:27  Marine x2  
  62  5:32  SCV x2, Siege Tank  
  62  5:34  Orbital Command  
  67  5:43  Marine  
  67  5:44  Marine  
  68  6:00  Marine x3  
  71  6:10  Marine  
  71  6:11  Marine  
  73  6:12  Siege Tank  
  73  6:15  Medivac x2  
  73  6:17  Supply Depot  
  81  6:18  SCV  
  81  6:19  SCV  
  81  6:20  SCV, Refinery  
  81  6:23  Barracks Reactor x2  
  81  6:24  Marine  
  84  6:31  SCV  
  85  6:35  Armory  
  85  6:37  SCV  
  85  6:38  Marine x2, Orbital Command  
  85  6:39  Engineering Bay  
  89  6:42  Marine  
  89  6:43  SCV  
  90  6:49  SCV  
  90  6:50  Siege Tank  
  94  6:56  Factory  
  94  7:00  Combat Shields  
  94  7:01  Marine  
  94  7:02  Marine x6  
  101  7:10  SCV x3  
  101  7:11  Supply Depot  
  101  7:14  Supply Depot  
  104  7:19  Marine  
  104  7:22  SCV  
  106  7:24  Marine x3  
  109  7:32  Marine x2  
  109  7:33  SCV x2, Siege Tank  
  109  7:35  SCV  
  109  7:36  Marine  
  118  7:38  Medivac x2  
  122  7:47  SCV x3  
  125  7:52  Marine  
  116  8:02  Marine x6  
  116  8:04  Factory Tech Lab  
  116  8:05  Siege Tank  
  110  8:09  SCV x3  
  110  8:11  Refinery  
  110  8:12  Refinery  
  113  8:15  Supply Depot, Terran Infantry Weapons Level 2  
  113  8:16  Supply Depot  
  109  8:37  Siege Tank  
  109  8:41  Marine x2  
  99  8:59  Marine x6  
  99  9:00  Siege Tank, Marine  
  99  9:02  SCV x3  
  110  9:09  Siege Tank  
  113  9:10  Terran Vehicle and Ship Weapons Level 1  
  113  9:13  Barracks  
  113  9:14  SCV  
  113  9:15  Barracks  
  114  9:17  Marine  
  114  9:18  Viking x2  
  114  9:21  Marine  
  114  9:22  Command Center, Marine x5  
  125  9:33  Siege Tank  
  125  9:34  Marine  
  129  9:39  Marine x3  
  129  9:41  Siege Tank  
  135  9:50  Marine x3  
  135  9:52  Marine  
  138  9:57  Marine  
  138  9:58  Marine  
  141  10:03  Terran Infantry Armor Level 1  
  141  10:05  Supply Depot x2  
  141  10:17  Command Center, Marine  
  141  10:18  Viking x2, Siege Tank  
  141  10:26  Marine x5  
  141  10:27  Siege Tank, Marine  
  150  10:35  Marine  
  146  10:44  Marine x6  
  144  10:50  Siege Tank  
  144  10:53  Marine  
  122  10:59  Siege Tank  
  122  11:02  Marine x4  
  122  11:03  Marauder  
  125  11:05  Marine  
  125  11:06  SCV x3  
  125  11:11  Marine  
  122  11:18  SCV  
  117  11:20  Marine x2  
  117  11:22  Siege Tank  
  117  11:24  Marauder  
  118  11:31  Marine x4  
  109  11:35  Siege Tank  
  109  11:38  Marine x2  
  110  11:45  Marauder  
  110  11:49  Marine x3  
  111  11:54  Siege Tank  
  111  11:57  Marine x2  
  112  12:07  Siege Tank  
  113  12:13  Marine  
  113  12:14  Marine x4  
  113  12:15  Marine  
  117  12:20  Marine  
  111  12:31  Marine x3  
  111  12:32  Marine x2  
  111  12:33  Marine  
  107  12:38  Marine  
  108  12:49  Marine x4  
  111  13:00  Marine  
  111  13:01  Marine x2  
  111  13:03  Siege Tank x2  
  111  13:04  Medivac x2  
  119  13:07  SCV x3, Marine x4  
  126  13:13  Supply Depot  
  126  13:14  Supply Depot  
  126  13:18  Marine x3  
  129  13:22  Planetary Fortress  
  116  13:35  Siege Tank  
  116  13:43  Medivac x2  
  116  14:00  SCV x4, Marine x2  
  116  14:01  Marauder, Marine x4  
  124  14:12  SCV  
Tags
 
Add a new tag
Caveats
  • Supply blocks, unpowered buildings, or Contaminate may cause inaccurate times.
  • Supply counts are checked every 10 seconds.